 Dungeon Crawl Stone Soup version 0.21-a0-584-g185da8e (webtiles) character file.

151 KristoblXynda the Chucker (level 5, 0/61 HPs)
             Began as a Draconian Hunter on Dec 20, 2017.
             Slain by a worm (6 damage)
             ... on level 3 of the Dungeon.
             The game lasted 00:04:29 (3207 turns).

KristoblXynda the Chucker (Draconian Hunter)        Turns: 3207, Time: 00:04:30

Health: 0/61       AC: 22    Str: 15    XL:     5   Next: 10%
Magic:  5/5        EV:  2    Int: 12    God:
Gold:   156        SH:  0    Dex: 11    Spells: 4/4 levels left

rFire    . . .     SeeInvis +   k - +0 flail
rCold    . . .     Gourm    .   (no shield)
rNeg     + + +     Faith    .   (armour unavailable)
rPois    +         Spirit   .   (helmet currently unavailable)
rElec    .         Reflect  .   (cloak currently unavailable)
rCorr    .         Harm     .   (gloves currently unavailable)
MR       .....     NoTele   +   (boots currently unavailable)
Stlth    +++.......             (no amulet)
HPRegen  0.20/turn              i - ring of see invisible
MPRegen  0.09/turn              m - ring of stealth

@: lethally poisoned (0 -> -1), tree-form
A: unfitting armour, AC +5
a: no special abilities


You were on level 3 of the Dungeon.
You were hungry.
You were a tree.
You visited 1 branch of the dungeon, and saw 3 of its levels.

You collected 156 gold pieces.

Inventory:

Hand Weapons
 k - a +0 flail (weapon)
Missiles
 b - 5 javelins (quivered)
 c - 2 throwing nets
Jewellery
 i - a ring of see invisible (left branch)
 j - a +5 ring of intelligence
 m - a ring of stealth (right branch)
Scrolls
 a - a scroll of remove curse
 f - a scroll of fear {unknown}
 g - a scroll of teleportation
 h - a scroll of enchant weapon {unknown}
 l - 2 scrolls of identify
Comestibles
 d - 6 rations
 o - a chunk of flesh


   Skills:
 - Level 2.1 Fighting
 + Level 1.8 Maces & Flails
 * Level 4.8 Throwing
 + Level 2.9 Dodging
 - Level 1.4 Stealth


You had 4 spell levels left.
You didn't know any spells.

Dungeon Overview and Level Annotations

Branches:
Dungeon (3/15)

Altars:
Ru
Vehumet

Annotations:
D:3 KristoblXynda's ghost, amateur DrGl; Robin


Innate Abilities, Weirdness & Mutations

((Your plain brown scales are hard. (AC +5)))
You cannot fit into any form of body armour.
((You are cold-blooded and may be slowed by cold attacks.))


Message History

Unknown command.
You miss the adder.
The adder is severely wounded.
The adder bites you but does no damage. x2
You hit the adder.
You kill the adder!
You feel sick.
You completely miss the kobold. The kobold hits you but does no damage.
You hit the kobold but do no damage.
You feel sick. The kobold hits you but does no damage.
You are electrocuted!
* * * LOW HITPOINT WARNING * * *
You sock the kobold!
You kill the kobold!
You hit the worm.
The worm is moderately wounded.
You are feeling hungry.
You barely miss the worm.
The worm is moderately wounded.
You feel sick. The worm bites you.
You die...

####### ##### #.<...# ###
##...####.....# #...
##########.....##......# .....
#.....w♣...............#
...$..####%#..####.......######..
...........##'####.......# #..
$....K..†..#≈.≈≈#.......## #..
##...#######≈.♣.+........# #..
(#.. ##.+.♣.≈##.......# #.. (#.
...#≈≈.≈##.......# #.. ##
##..###+####.....## #.. .
..#.....####...## #..


You could see a worm.

Vanquished Creatures
  Terence (D:2)
  3 adders
  4 gnolls (D:2)
  A worm (D:2)
  2 leopard geckos
  5 giant cockroaches
  2 hobgoblins (D:2)
  4 jackals (D:1)
  A ball python (D:1)
  4 bats
  A frilled lizard (D:1)
  11 goblins
  9 kobolds
  6 rats
54 creatures vanquished.

Notes
Turn   | Place    | Note
-------+----------+-------------------------------------------
     0 | D:1      | KristoblXynda the Draconian Hunter began the quest for the Orb.
     0 | D:1      | Reached XP level 1. HP: 17/17 MP: 1/1
    37 | D:1      | Reached skill level 1 in Stealth
    94 | D:1      | Reached XP level 2. HP: 2/24 MP: 2/2
  1310 | D:2      | Reached skill level 4 in Throwing
  1310 | D:2      | Reached XP level 3. HP: 24/29 MP: 3/3
  1329 | D:2      | Noticed Terence
  1349 | D:2      | Killed Terence
  1349 | D:2      | Reached skill level 1 in Maces & Flails
  1563 | D:2      | Reached XP level 4. HP: 33/36 MP: 4/4
  1589 | D:2      | HP: 1/36 [gnoll (6)]
  2190 | D:2      | Found a radiant altar of Vehumet.
  2577 | D:2      | Found a sacrificial altar of Ru.
  2656 | D:3      | Noticed Robin
  3056 | D:3      | Noticed KristoblXynda's ghost (amateur DrGl)
  3078 | D:3      | Reached XP level 5. HP: 39/41 MP: 5/5
  3172 | D:3      | Noticed a hand axe
  3173 | D:3      | Noticed a hand axe
  3207 | D:3      | Slain by a worm

Vault maps used:
D:1:      doesnt_arrival_eight_statues, serial_corexii_hall,
          corexii_hall_statues_i, corexii_hall_statues_x,
          corexii_hall_statues_deadend
D:2:      lemuel_coloured_pillars_altar, overflow_temple_1_default,
          first_ration, uniq_terence
D:3:      dancing_weapons_uskayaw, chequers_ecumenical_altar_simple_redux,
          kennysheep_generic_room_14, uniq_robin

Skill      XL: |  1  2  3 |
---------------+----------+-----
Stealth        | 1 |  1.4
Dodging        | 2 |  2.9
Throwing       | 4 |  4.8
Maces & Flails | 1 |  1.8
Fighting       | |  2.1

Action                   |  1- 3 |  4- 6 || total
-------------------------+-------+-------++-------
Melee: Short sword       |    46 |       ||    46
       Tailslap          |    11 |    11 ||    22
       Whip              |    59 |       ||    59
       Flail             |    11 |    99 ||   110
Throw: Javelin           |     4 |     7 ||    11
  Use: Potion            |       |     4 ||     4
       Scroll            |       |     4 ||     4
 Stab: Sleeping          |     2 |     2 ||     4
  Eat: Chunk             |     2 |     5 ||     7
Armor: Skin              |    32 |    41 ||    73
Dodge: Dodged            |    84 |    73 ||   157

Table legend:
 A = Spawn XP
 B = Non-spawn XP
 C = Spawn XP percentage of total XP
 D = Spawn monster count
 E = Non-spawn monster count
 F = Spawn count percentage of total count
 G = Total turns spent on level
                    A         B        C        D         E        F      G
               +---------+---------+-------+---------+---------+-------+---------
         Total |       0 |     216 |   0.0 |       0 |      54 |   0.0 |  3207
               +---------+---------+-------+---------+---------+-------+---------
           D:1 |       0 |      31 |   0.0 |       0 |      19 |   0.0 |  1181
           D:2 |       0 |     158 |   0.0 |       0 |      25 |   0.0 |  1766
           D:3 |       0 |      27 |   0.0 |       0 |      10 |   0.0 |   260
               +---------+---------+-------+---------+---------+-------+---------
